 Dungeon Crawl Stone Soup version 0.18.1-8-gdd0e5ea (webtiles) character file.

107 Guinours the Covered (level 4, -7/40 HPs)
             Began as a Minotaur Fighter on May 27, 2016.
             Was an Initiate of Nemelex Xobeh.
             Killed by nerve-wracking pain
             ... invoked by an orc priest
              (9 damage)
             ... on level 3 of the Dungeon.
             The game lasted 00:09:42 (1497 turns).

Guinours the Covered (Minotaur Fighter)             Turns: 1497, Time: 00:09:43

Health: -7/40      AC: 10    Str: 21    XL:     4   Next: 56%
Magic:  3/3        EV:  8    Int:  5    God:    Nemelex Xobeh [......]
Gold:   109        SH:  9    Dex: 10    Spells: 0 memorised, 3 levels left

rFire  . . .     SeeInvis .     a - +0 long sword
rCold  . . .     Gourm    .     b - +0 scale mail
rNeg   . . .     Faith    .     c - +0 shield
rPois  .         Spirit   .     (helmet restricted)
rElec  .         Dismiss  .     (no cloak)
rCorr  .         Reflect  .     t - +1 pair of gloves
SustAt .         Harm     .     j - +0 pair of boots
MR     .....                    (no amulet)
Stlth  ..........               (no ring)
                                (no ring)

@: not resistant to hostile enchantments, extremely unstealthy
A: retaliatory headbutt, horns 2
a: Renounce Religion


You were on level 3 of the Dungeon.
You worshipped Nemelex Xobeh.
Nemelex Xobeh was noncommittal.
You were hungry.

You visited 1 branch of the dungeon, and saw 3 of its levels.

You collected 109 gold pieces.

Inventory:

Hand Weapons
 a - a +0 long sword (weapon)
Missiles
 e - 87 stones (quivered)
Armour
 b - a +0 scale mail (worn)
 c - a +0 shield (worn)
 j - a +0 pair of boots (worn)
 t - a +1 pair of gloves (worn)
Scrolls
 h - a scroll of teleportation
 i - a scroll of fog
 k - a scroll of remove curse
 l - a scroll of enchant armour {unknown}
 m - 2 scrolls of random uselessness {unknown}
 o - a scroll of fear {unknown}
 p - a scroll of enchant weapon {unknown}
 r - 3 scrolls of identify
 s - 2 scrolls of immolation {unknown}
Potions
 d - a potion of might
 n - a potion of agility {unknown}
Books
 q - Kikubaaqudgha's Grimoire of Unholy Arts
   (Kikubaaqudgha gifted it to you on level 2 of the Dungeon)

   Spells                             Type                      Level
   a - Animate Skeleton               Necromancy                   1
   b - Corpse Rot                     Necromancy                   2
   c - Sublimation of Blood           Necromancy                   2
   d - Vampiric Draining              Necromancy                   3
   e - Control Undead                 Necromancy                   4
Comestibles
 f - 2 bread rations
 g - 2 fruits
 u - a meat ration


   Skills:
 + Level 4.2 Fighting
 * Level 2.9 Long Blades
 * Level 4.8 Armour
 * Level 2.1 Dodging
 + Level 0.1 Stealth
 + Level 4.0 Shields


You had 3 spell levels left.
You didn't know any spells.

Dungeon Overview and Level Annotations

Branches:
Dungeon (3/15)

Altars:
Elyvilon
Kikubaaqudgha
Nemelex Xobeh


Innate Abilities, Weirdness & Mutations

You reflexively headbutt those who attack you in melee.
You have a pair of horns on your head.


Message History

The orc priest hits you but does no damage. x2
You barely miss the orc priest. Your headbutt misses the orc priest.
The orc priest is almost dead.
The orc priest barely misses you. You furiously retaliate!
You headbutt the orc priest.
You kill the orc priest!
Your Dodging skill increases to level 2!
Your Shields skill increases to level 4!
The orc priest hits you with a dagger.
* * * LOW HITPOINT WARNING * * *
Things that are here:
2 chunks of flesh; an orc corpse You barely miss the orc priest.
The orc priest hits you but does no damage.
You closely miss the orc priest.
The orc priest hits you but does no damage.
The orc priest mumbles some strange prayers to Beogh against you.
Pain shoots through your body!
You die...
Your body disappears without a glow.

#.# # . #.#
#######.#.... ..#
..>..<....... ...
####.####.##. #.#
#.# #.##. #.# #.#
#.##. #o# #.#
#.##.###@# #.#
#.##..##%##
#.####.###.#†[.###
#.........}......#
######...[....$#.#
#####.##.##.#
#....... #
#..##.....
#..#####..#


You could see an orc priest.

Vanquished Creatures
  An orc priest (D:3)
  2 adders (D:2)
  2 worms (D:2)
  3 dart slugs
  2 giant geckos
  An orc (D:3)
  5 bats
  A giant cockroach (D:1)
  3 goblins (D:1)
  6 jackals
  11 kobolds
  A ball python (D:2)
  5 giant newts
  2 rats (D:1)
45 creatures vanquished.

Notes
Turn   | Place    | Note
--------------------------------------------------------------
     0 | D:1      | Guinours the Minotaur Fighter began the quest for the Orb.
     0 | D:1      | Reached XP level 1. HP: 19/19 MP: 0/0
    84 | D:1      | Reached XP level 2. HP: 17/27 MP: 1/1
   626 | D:1      | Reached skill level 1 in Dodging
   648 | D:1      | Reached XP level 3. HP: 33/33 MP: 2/2
   736 | D:1      | You fall through a shaft!
   737 | D:2      | Found a faded altar to an unknown god.
   765 | D:2      | Became a worshipper of Kikubaaqudgha
   765 | D:2      | Reached * piety under Kikubaaqudgha
   765 | D:2      | Received a gift from Kikubaaqudgha
   767 | D:2      | Identified Kikubaaqudgha's Grimoire of Unholy Arts (Kikubaaqudgha gifted it to you on level 2 of the Dungeon)
  1013 | D:2      | Found a white marble altar of Elyvilon.
  1397 | D:2      | Found a white marble altar of Elyvilon.
  1397 | D:2      | Found a sparkling altar of Nemelex Xobeh.
  1402 | D:2      | Fell from the grace of Kikubaaqudgha
  1402 | D:2      | Became a worshipper of Nemelex Xobeh the Trickster
  1449 | D:3      | Reached XP level 4. HP: 40/40 MP: 3/3
  1457 | D:3      | Received a gift from Nemelex Xobeh
  1495 | D:3      | HP: 2/40 [orc priest/dagger (3)]
  1497 | D:3      | Killed from afar by an orc priest

Skill      XL: |  1  2  3  4 |
---------------+-------------+-----
Armour         | 4 |  4.8
Dodging        | 1 2 |  2.1
Fighting       | 4 |  4.2
Shields        | 4 |  4.0
Long Blades    | |  2.9
Stealth        | |  0.1

Action                   |  1- 3 |  4- 6 || total
-------------------------+-------+-------++-------
Melee: Long sword        |    82 |    22 ||   104
       Headbutt          |    13 |     7 ||    20
  Use: Scroll            |     4 |       ||     4
  Eat: Chunk             |     1 |       ||     1
Armor: Scale mail        |    41 |    22 ||    63
Dodge: Dodged            |    35 |     9 ||    44
Block: Shield            |    51 |     8 ||    59
